 Dungeon Crawl Stone Soup version 0.29.1 (webtiles) character file.

Game seed: 3600584622767756977

345 vvl the Trooper (level 6, -2/52 HPs)
             Began as a Ghoul Fighter on Sept 14, 2022.
             Shot with an arrow by a centaur (6 damage)
             ... on level 4 of the Dungeon.
             The game lasted 00:06:34 (3193 turns).

vvl the Trooper (Ghoul Fighter)                     Turns: 3193, Time: 00:06:34

Health: -2/52      AC:  6    Str: 20    XL:     6   Next: 58%
Magic:  7/7        EV:  9    Int:  5    God:
Gold:   260        SH:  4    Dex:  8    Spells: 8/8 levels left

rFire   . . .      SeeInvis +   a - +0 war axe
rCold   + . .      Faith    .   c - +0 buckler
rNeg    + + +      Spirit   .   b - +0 scale mail
rPois   ∞          Reflect  .   (no helmet)
rElec   .          Harm     .   (no cloak)
rCorr   +          Rampage  .   (no gloves)
Will    .....                   (no boots)
Stlth   ..........              (no amulet)
HPRegen 0.00/turn               p - ring of see invisible
MPRegen 0.10/turn               v - ring of resist corrosion

@: inhibited regen
A: claws 1, cold resistance 1, negative energy resistance 3, inhibited
regeneration, torment resistance 2, devour on kill
a: no special abilities


You were on level 4 of the Dungeon.
You visited 1 branch of the dungeon, and saw 4 of its levels.

You collected 260 gold pieces.

Inventory:

Hand Weapons
 a - a +0 war axe (weapon)
 f - a +2 whip of freezing
Armour
 b - a +0 scale mail (worn)
 c - a +0 buckler (worn)
Jewellery
 p - a ring of see invisible (left claw)
 v - a ring of resist corrosion (right claw)
Scrolls
 h - 9 scrolls of identify {unknown}
 l - a scroll of silence {unknown}
 n - 2 scrolls of fear {unknown}
 q - a scroll of vulnerability {unknown}
 r - a scroll of blinking {unknown}
 s - a scroll of enchant weapon {unknown}
 t - a scroll of teleportation {unknown}
 u - a scroll of enchant armour {unknown}
 x - a scroll of amnesia {unknown}
Potions
 d - 3 potions of might
 e - 2 potions of flight {unknown}
 g - a potion of magic {unknown}
 i - 2 potions of attraction {unknown}
 j - a potion of heal wounds {unknown}
 k - a potion of haste {unknown}
 m - a potion of berserk rage {unknown}
 o - a potion of lignification {unknown}
 w - a potion of resistance


   Skills:
 + Level 4.2 Fighting
 + Level 2.6 Axes
 + Level 3.3 Armour
 + Level 1.5 Dodging
 + Level 3.4 Shields
 + Level 1.5 Spellcasting
 + Level 0.0 Necromancy
 + Level 2.2 Ice Magic
 + Level 2.2 Earth Magic


You had 8 spell levels left.
You didn't know any spells.
Your spell library contained the following spells:

 Spells                   Type           Power      Damage    Failure   Level
 Sting                    Tmut/Pois      0%         1d3       86%         1
 Poisonous Vapours        Pois/Air       0%         N/A       95%         2
 Olgreb's Toxic Radiance  Pois           0%         N/A       100%        4


Dungeon Overview and Level Annotations

Branches:
Dungeon (4/15)
 Temple: D:4-7

Altars:

Shops:
D:1 [   D:2 =


Innate Abilities, Weirdness & Mutations

You are immune to poison.
You have sharp fingernails.
Your flesh is cold resistant. (rC+)
You are immune to negative energy. (rN+++)
You do not regenerate when monsters are visible.
You are immune to unholy pain and torment.
You thrive by killing the living.


Message History

You closely miss the orc.
The orc is moderately wounded.
You slash the orc!
You kill the orc!
The orc throws a boomerang.
The boomerang hits you. The orc hits you but does no damage.
You closely miss the orc.
The orc is moderately wounded.
You hit the orc.
The orc throws a boomerang.
You block the boomerang. The orc hits you but does no damage.
The orc hits you with a +0 morningstar! x2
The orc barely misses you. You block the orc's attack.
You closely miss the orc.
The orc is almost dead.
You slash the orc!
You kill the orc!
You barely miss the orc. The orc barely misses you. The orc closely misses you.
You slash the orc!
You kill the orc!
You slash the orc!
You kill the orc!
A centaur comes into view.
The centaur shouts!
You slash the orc!
You kill the orc!
The centaur wields a +0 shortbow.
The centaur shoots an arrow.
The arrow closely misses you.
The centaur shoots an arrow.
The arrow hits you.
The centaur shoots an arrow.
The arrow hits you!
You are too injured to fight recklessly!
You are too injured to fight recklessly!
You are too injured to fight recklessly!
You are too injured to fight recklessly!
You are too injured to fight recklessly!
The centaur shoots an arrow.
The arrow hits you!
* * * LOW HITPOINT WARNING * * *
You hear a shout!
The centaur shoots an arrow.
The arrow barely misses you.
The centaur shoots an arrow.
The arrow closely misses you.
The centaur shoots an arrow.
The arrow hits you.
You die...

......#......####............
....)........+..'............
.....##.#....####............
....###.#.......#..........##
....# #.#....##.#.###......#
###.# #.........#....[.....#
#.# #.....................
###'###.....#####...........
................@..........
.....#.....#....#........
.....'......).).#####....
.....#...#...8).# ....
....<#...#......# ...
.....##.....88..# ..
##+####..c.P......
....##..............
....##.......##.....


You could see a centaur.

Vanquished Creatures
  A phantom (D:4)
  A howler monkey (D:3)
  A bullfrog zombie (D:4)
  A jelly (D:3)
  A hound skeleton (D:4)
  Robin (D:2)
  6 adders
  An adder zombie (D:4)
  An adder skeleton (D:4)
  3 dart slugs
  6 orcs (D:4)
  A ball python (D:2)
  6 bats
  4 endoplasms
  3 giant cockroaches (D:2)
  7 goblins
  7 hobgoblins
  3 jackals (D:2)
  5 quokkas
  14 kobolds
  8 rats
81 creatures vanquished.

Vanquished Creatures (others)
  A withered plant (D:4)
1 creature vanquished.

Grand Total: 82 creatures vanquished

Notes
Turn   | Place    | Note
-------+----------+-------------------------------------------
     0 | D:1      | vvl the Ghoul Fighter began the quest for the Orb.
     0 | D:1      | Reached XP level 1. HP: 19/19 MP: 0/0
   224 | D:1      | Reached XP level 2. HP: 25/26 MP: 1/1
   396 | D:1      | Found Cenliups's Antique Armour Shop.
   875 | D:2      | Reached XP level 3. HP: 31/31 MP: 2/2
   878 | D:2      | Reached skill level 1 in Earth Magic
   879 | D:2      | Found Orotarimn's Jewellery Shop.
  1038 | D:2      | Found a faded altar of an unknown god.
  1042 | D:2      | Reached skill level 1 in Ice Magic
  1121 | D:2      | Noticed Robin
  1127 | D:2      | Killed Robin
  1136 | D:2      | Reached XP level 4. HP: 35/38 MP: 3/3
  2125 | D:3      | Reached skill level 1 in Spellcasting
  2125 | D:3      | Reached XP level 5. HP: 41/46 MP: 5/5
  2295 | D:3      | Reached skill level 1 in Dodging
  2678 | D:3      | Reached skill level 4 in Fighting
  2821 | D:4      | Noticed a phantom
  2834 | D:4      | Reached XP level 6. HP: 31/52 MP: 5/7
  3193 | D:4      | Shot with an arrow by a centaur

Illustrated notes

Levels and vault maps discovered:
D:1:      denvon_arrival_planthouse, layout_basic, serial_shops, shop,
          grunt_decor_fettered
D:2:      layout_basic, serial_shops, nicolae_diamond_shop,
          hellmonk_ecumenical_altar_arch_garden, minmay_tromino_mix6, uniq_robin
D:3:      minmay_door_path, layout_basic, minmay_misc_feat_pillars
D:4:      layout_basic, serial_undead, serial_undead_b, serial_undead_d,
          serial_undead_c, serial_undead_e

Skill      XL: |  1  2  3  4  5 |
---------------+----------------+-----
Axes           | 2 |  2.6
Earth Magic    | 1 2 |  2.2
Ice Magic      | 1 2 |  2.2
Shields        | 3 |  3.4
Armour         | 3 |  3.3
Spellcasting   | 1 |  1.5
Dodging        | 1 |  1.5
Fighting       | 4 |  4.2

Action                   |  1- 3 |  4- 6 || total
-------------------------+-------+-------++-------
Melee: War axe           |    93 |   146 ||   239
Armor: Scale mail        |    50 |    76 ||   126
Dodge: Dodged            |    40 |    76 ||   116
Block: Buckler           |    19 |    28 ||    47
